 Dungeon Crawl Stone Soup version 0.31-a0-1237-gabc64e778c (webtiles) character file.

Game seed: 16473583818281298287

158 Curundu the Trooper (level 5, 0/47 HPs)
             Began as a Minotaur Berserker on Dec 16, 2023.
             Was a Believer of Trog.
             Slain by an orc
             ... wielding a +0 dagger
              (2 damage)
             ... on level 4 of the Dungeon.
             The game lasted 00:08:50 (2335 turns).

Curundu the Trooper (Minotaur Berserker)            Turns: 2335, Time: 00:08:51

Health: 0/47       AC:  2    Str: 23    XL:     5   Next: 16%
Magic:  4/4        EV: 12    Int:  4    God:    Trog [**....]
Gold:   124        SH:  3    Dex: 10    Spells: 4/4 levels left

rFire   . . .        m - +2 dagger (venom)
rCold   . . .        o - +0 buckler
rNeg    . . .        b - +0 animal skin
rPois   .            (helmet restricted)
rElec   .            (no cloak)
rCorr   .            (no gloves)
SInv    .            (no boots)
Will    .....        (no amulet)
Stlth   +            (no ring)
HPRegen 0.27/turn    (no ring)
MPRegen 0.09/turn

%: no passive effects
@: no status effects
A: horns 2, retaliatory headbutt
a: Renounce Religion, Berserk, Trog's Hand


You were on level 4 of the Dungeon.
You worshipped Trog.
Trog was pleased with you.
You visited 1 branch of the dungeon, and saw 4 of its levels.

You collected 124 gold pieces.

Inventory:

Hand Weapons
 a - a +0 spear
 h - a +1 short sword of electrocution
 k - the +7 sling "Leviticus" {antimagic, rElec rPois Will- rCorr}
   (You found it on level 2 of the Dungeon)

   rElec:     It insulates you from electricity.
   rPois:     It protects you from poison Will-: It decreases your willpower.
   rCorr:     It protects you from acid and corrosion.
 m - a +2 dagger of venom (weapon)
Missiles
 i - 7 poisoned darts (quivered)
 l - 25 stones
Armour
 b - a +0 animal skin (worn)
 o - a +0 buckler (worn)
Scrolls
 c - 5 scrolls of identify {unknown}
 d - a scroll of brand weapon {unknown}
 g - 2 scrolls of noise {unknown}
 n - 3 scrolls of teleportation {unknown}
 p - a scroll of vulnerability {unknown}
Potions
 e - a potion of mutation {unknown}
 f - a potion of curing {unknown}
 j - 2 potions of enlightenment {unknown}


   Skills:
 + Level 4.9 Fighting
 + Level 1.8 Short Blades
 + Level 4.5 Polearms
 + Level 0.7 Ranged Weapons
 + Level 0.1 Throwing
 + Level 2.8 Armour
 + Level 3.1 Dodging
 + Level 0.5 Stealth
 + Level 0.7 Shields


You had 4 spell levels left.
You didn't know any spells.
Your spell library contained the following spells:

 Spells                   Type           Power      Damage    Failure   Level
 Summon Small Mammal      Summ           0%         N/A       56%         1
 Ensorcelled Hibernation  Hex/Ice        0%         N/A       71%         2
 Passwall                 Tmut/Erth      0%         N/A       71%         2
 Call Canine Familiar     Summ           0%         N/A       91%         3
 Summon Guardian Golem    Hex/Summ       0%         N/A       91%         3
 Swiftness                Air            0%         N/A       91%         3


Dungeon Overview and Level Annotations

Branches:
Dungeon (4/15)
 Temple: D:4-7

Altars:


Innate Abilities, Weirdness & Mutations

You have a pair of horns on your head.
You reflexively headbutt those who attack you in melee.


Message History

An orc comes into view. It is wielding a +0 flail.
The adder bites you. The adder closely misses you. You furiously retaliate!
You headbutt the adder!
You kill the adder!
Trog accepts your kill.
Your Dodging skill increases to level 3!
An orc comes into view. It is wielding a +0 dagger.
The orc shouts!
The orc hits you with a +0 flail.
The orc wizard gestures wildly while chanting.
The orc wizard flickers and vanishes!
Deactivating autopickup; reactivate with Ctrl-A.
You see here an adder corpse.
You hit the orc but do no damage.
The orc is poisoned.
Something hits you. The orc hits you with a +0 flail.
You hit the orc.
The orc looks as sick as possible!
You headbutt the orc.
You kill the orc!
Trog accepts your kill. Something hits you.
You hear some strange, mumbled words.
A puff of flame appears from out of thin air!
The puff of flame hits you! The orc hits you with a +0 dagger.
* * * LOW HITPOINT WARNING * * *
An orc priest comes into view. It is wielding a +0 flail.
Things that are here:
a +0 flail; a +0 scale mail; an orc corpse Something hits you but does no damage.
You block the orc's attack.
The phantom hits you but does no damage.
You see here an adder corpse.
You hear some strange, mumbled words.
A magic dart appears from out of thin air!
The magic dart hits you.
* * * LOW HITPOINT WARNING * * *
The orc attacks as it pursues you! The orc closely misses you.
You hear some strange, mumbled words.
A puff of flame appears from out of thin air!
The puff of flame hits you!
* * * LOW HITPOINT WARNING * * *
The orc hits you with a +0 dagger.
You die...

#.......##
#...!....
#....... #......
# #.....###.##
#####........o.##
#.......{........
........oW#
######.@#.#
#.)#.#
######..#.#
........#.#
#######.#.# #.#.#
#.#.# #.#
#.######


You could see a phantom, an orc priest and an orc.

Vanquished Creatures
  An orc priest (D:3)
  An orc wizard (D:3)
  4 adders
  6 orcs
  6 endoplasms
  3 giant cockroaches
  3 goblins (D:1)
  9 hobgoblins
  9 kobolds
  2 quokkas
  4 ball pythons
  2 bats (D:1)
  4 frilled lizards
  4 rats
58 creatures vanquished.

Notes
Turn   | Place    | Note
-------+----------+-------------------------------------------
     0 | D:1      | Curundu the Minotaur Berserker began the quest for the Orb.
     0 | D:1      | Reached XP level 1. HP: 19/19 MP: 0/0
   129 | D:1      | Reached XP level 2. HP: 14/27 MP: 1/1
   673 | D:1      | Reached ** piety under Trog
   688 | D:1      | Reached XP level 3. HP: 32/33 MP: 2/2
   909 | D:2      | Identified the +7 sling "Leviticus" {antimagic, rElec rPois
                  | Will- rCorr}
   999 | D:2      | Found a faded altar of an unknown god.
  1429 | D:3      | Reached XP level 4. HP: 12/41 MP: 3/3
  2012 | D:3      | Reached skill level 1 in Short Blades
  2023 | D:3      | Reached XP level 5. HP: 31/47 MP: 4/4
  2327 | D:4      | Noticed a phantom
  2335 | D:4      | HP: 2/47 [something/puff of flame (8)]
  2335 | D:4      | Slain by an orc

Illustrated notes

Levels and vault maps discovered:
D:1:      dpeg_arrival_shrine, layout_loops_ring
D:2:      layout_rooms, serial_glass, glass_columns_a, glass_columns_b,
          basic_ecumenical_altar, kennysheep_generic_room_10
D:3:      layout_loops_ring
D:4:      layout_loops_ring, temple_hall_moat, glass_columns_a

Skill      XL: |  1  2  3  4  5 |
---------------+----------------+-----
Polearms       | 4 |  4.5
Fighting       | 4 |  4.9
Short Blades   | 1 |  1.8
Dodging        | 3 |  3.1
Ranged Weapons | |  0.7
Throwing       | |  0.1
Armour         | |  2.8
Stealth        | |  0.5
Shields        | |  0.7

Action                     |  1- 3 |  4- 6 || total
---------------------------+-------+-------++-------
  Melee: Spear             |    41 |       ||    41
         Headbutt          |     9 |     5 ||    14
         Short sword       |    41 |     5 ||    46
         Dagger            |       |    34 ||    34
   Fire: Sling             |     5 |       ||     5
  Throw: Dart              |     3 |     6 ||     9
   Stab: Distracted        |     1 |       ||     1
 Armour: Animal skin       |    49 |    29 ||    78
  Dodge: Dodged            |    58 |    16 ||    74
  Block: Buckler           |       |     6 ||     6

Table legend: (Time is in decaauts)
 A = Elapsed time spent in this place.
 B = Non-inter-level travel time spent in this place.
 C = Inter-level travel time spent in this place.
 D = Time resting spent in this place.
 E = Time spent auto-exploring this place.
 F = Levels seen in this place.
 G = Mean time per level.
                   A        B        C        D        E       F      G
               +--------+--------+--------+--------+--------+-----+--------+
         Total |   2330 |   2330 |      0 |    119 |   1675 |   4 |  582.5 |
       Dungeon |   2330 |   2330 |      0 |    119 |   1675 |   4 |  582.5 |
               +--------+--------+--------+--------+--------+-----+--------+

Top non-repeatable levels by time:
     D:3: 863 daAuts
     D:1: 795 daAuts
     D:2: 618 daAuts
     D:4: 52 daAuts
